Match 37414130
Unlisted

Match 37414130
End
Construct Infanterie Kompanie
Selects Luftwaffe Battlegroup
Selects Luftwaffe Pioneer Support
Fallschirmpioneer Squad Paradrop
GrW 34 Mortar Team
Grenadier Squad
Construct Panzergrenadier Kompanie
251 Medium Carrier
Selects Stuka Strafing Run
Panzergrenadier Squad
Pak 40 Anti-tank Gun Team
Selects Fallschirmjäger Squad Paradrop
Fallschirmjäger Squad Paradrop
Stuka Strafing Run
Fallschirmjäger Squad Paradrop
Selects Flak 38 Anti-Air Emplacement
Construct Panzer Kompanie
Selects Stuka Loiter
Stuka Loiter
Medical Bunker
Panzer IV Medium Tank
R19
嫂子开门我是我哥
皮皮
四仰八叉的猫
are you happy
Miudai
guludu
Elysia
0
0

Comments sign in to comment!

No comments posted yet!